 Dungeon Crawl Stone Soup version 0.17-a0-1719-g1afd5a1 (console) character file.

30 Monkaria the Scratcher (level 3, 0/17 HPs)
             Began as a Felid Berserker on Aug 27, 2015.
             Was a Believer of Trog.
             Slain by an adder (4 damage)
             ... on level 2 of the Dungeon.
             The game lasted 00:00:58 (1238 turns).

Monkaria the Scratcher (Felid Berserker)            Turns: 1238, Time: 00:00:59

Health: 0/17       AC:  1    Str: 14    XL:     3   Next: 5%
Magic:  4/4        EV: 19    Int:  8    God:    Trog [**....]
Gold:   26         SH:  0    Dex: 15    Spells: 0 memorised, 2 levels left
                                        Lives:  0   Deaths: 0

rFire  . . .     SeeInvis +       - Unarmed
rCold  . . .     Clarity  .     (armour unavailable)
rNeg   . . .     SustAt   .     (shield unavailable)
rPois  .         Gourm    .     (helmet unavailable)
rElec  .         Spirit   .     (cloak unavailable)
rCorr  .         Warding  .     (gloves unavailable)
rMut   .         Stasis   .     (boots unavailable)
MR     ++...                    (no amulet)
Stlth  ++........               (no ring)
                                (no ring)

@: lethally poisoned (0 -> 0), regenerating, quick, very resistant to hostile
enchantments, unstealthy
A: no armour, no weapons or thrown items, claws 1, fangs 3, see invisible,
carnivore 3, speed 1, shaggy fur 1, slow metabolism 1, sharp paws
a: Burn Spellbooks, Berserk, Trog's Hand, Renounce Religion


You were on level 2 of the Dungeon.
You worshipped Trog.
Trog was pleased with you.
You were completely stuffed.

You visited 1 branch of the dungeon, and saw 2 of its levels.

You collected 26 gold pieces.

Inventory:

Jewellery
 g - an uncursed ring of stealth {unknown}
Scrolls
 b - a scroll of immolation {unknown}
 d - a scroll of remove curse {unknown}
 e - a scroll of recharging {unknown}
 f - a scroll of amnesia {unknown}
 k - a scroll of magic mapping {unknown}
 l - 3 scrolls of random uselessness {unknown}
 m - a scroll of enchant weapon {unknown}
Potions
 c - 2 potions of curing {unknown}
 h - a potion of haste {unknown}
 j - a potion of poison {unknown}
Comestibles
 a - 2 meat rations
 i - 3 chunks of flesh


   Skills:
 - Level 3.0 Fighting
 - Level 4.0 Dodging
 + Level 0.0 Stealth
 - Level 4.2 Unarmed Combat


You had 2 spell levels left.
You didn't know any spells.

Dungeon Overview and Level Annotations

Branches:
Dungeon (2/15)

Altars:


Innate Abilities, Weirdness & Mutations

You cannot wear armour.
You are incapable of wielding weapons or throwing items.
You have sharp claws.
You have razor-sharp teeth.
You have supernaturally acute eyesight.
You are carnivorous and can eat meat at any time.
You cover ground quickly.
You are covered in fur (AC +1).
You have a slow metabolism.
Your sharp claws are effective at attacking unaware monsters.


Message History

You are too injured to fight recklessly!
You are too injured to fight recklessly!
You are too injured to fight recklessly!
You are too injured to fight recklessly!
An adder is nearby!
Use which ability? (? or * to list)
Your skin crawls.
You feel resistant to hostile enchantments.
You feel slightly less full. The adder bites you.
* * * LOW HITPOINT WARNING * * *
You miss the adder.
The adder is moderately wounded.
The adder misses you. The adder closely misses you.
You barely miss the adder. Your bite misses the adder.
The adder is moderately wounded.
The adder closely misses you.
You closely miss the adder.
The adder is moderately wounded.
You feel sick. The adder bites you.
You die...

...... #..............
#..#####....#.##.#....
#. #........#.#......# .
#..#........#....#...#
..#..#........#........#
.......#...#..#.........
......)#................
#...>.....#.#.#.#+#.....
#.....S@............###.
#.......#...........# #.
##....#.#...........####
#....#.#.#.............
#... #.#......#.....###
#### #........#.....###
########.#.....##.
#....#.#.....##.
#.##.......#....


You could see an adder.

Vanquished Creatures
  An adder (D:2)
  A giant gecko (D:1)
  3 goblins (D:1)
  4 hobgoblins (D:1)
  4 bats (D:1)
  2 giant newts
  2 kobolds
  6 rats
23 creatures vanquished.

Notes
Turn   | Place    | Note
--------------------------------------------------------------
     0 | D:1      | Monkaria the Felid Berserker began the quest for the Orb.
     0 | D:1      | Reached XP level 1. HP: 10/10 MP: 2/2
   134 | D:1      | Reached XP level 2. HP: 8/14 MP: 3/3
  1032 | D:2      | Acquired Trog's second power
  1032 | D:2      | Reached XP level 3. HP: 10/17 MP: 4/4
  1199 | D:2      | Found a faded altar to an unknown god.
  1238 | D:2      | Slain by an adder

Vault maps used:
D:1:      matt_arrival_diagonals
D:2:      first_bread, ecumenical_altar_2, corexii_corridor_pit

Action                   || total
-------------------------++-------
Melee: Unarmed           ||    72
Invok: Berserk           ||     1
       Trog's Hand       ||     1
 Stab: Sleeping          ||     1
  Eat: Chunk             ||     9
